[Event "GambitGuide"]
[Site "Internet Chess Club"]
[Date "2014.10.31"]
[Round "1"]
[White "JSBach"]
[Black "Darienor"]
[Result "0-1"]
[ICCResult "White checkmated"]
[WhiteElo "1668"]
[BlackElo "2708"]
[Opening "Vienna: `Frankenstein-Dracula' variation"]
[ECO "C27"]
[NIC "VG.02"]
[Time "06:45:20"]
[TimeControl "120+12"]

1. e4 e5 2. Nc3 Nf6 3. Bc4 Nxe4 4. Qh5 Nd6 5. Bb3 Nc6 6. Nb5 g6 7. Qf3 f5 8.
Qd5 Qe7 9. Nxc7+ Kd8 10. Nxa8 b6 11. d3 Bb7 12. Nxb6 axb6 13. Qf3 Bg7 14.
Be3 Kc7 15. Bd5 e4 16. Qe2 Bxb2 17. Rb1 Bc3+ 18. Kf1 Nd4 19. Bxd4 Bxd4 20.
Bxb7 Nxb7 21. Nf3 Bc5 22. Nd2 d5 23. c4 Rd8 24. cxd5 Rxd5 25. dxe4 Re5 26.
Rc1 fxe4 27. Qc4 Nd6 28. Qa4 Qf6 29. f3 exf3 30. Nxf3 Re3 31. Qa8 Qb2 32.
Qa7+ Nb7 33. Rxc5+ bxc5 34. Nd2 Qxd2 35. Qa5+ Nxa5 36. a4 Re2 37. Rg1 Rf2#
{White checkmated}
0-1

[Event "GambitGuide"]
[Site "Internet Chess Club"]
[Date "2014.10.31"]
[Round "1"]
[White "JSBach"]
[Black "leonardoalmeida"]
[Result "1-0"]
[ICCResult "Black resigns"]
[WhiteElo "1668"]
[BlackElo "1788"]
[Opening "Vienna: `Frankenstein-Dracula' variation"]
[ECO "C27"]
[NIC "VG.02"]
[Time "06:46:25"]
[TimeControl "120+12"]

1. e4 e5 2. Nc3 Nf6 3. Bc4 Nxe4 4. Qh5 Nd6 5. Bb3 Nc6 6. Nb5 g6 7. Qf3 f5 8.
Qd5 Qe7 9. Nxc7+ Kd8 10. Nxa8 b6 11. d3 Bb7 12. Nxb6 axb6 13. Qf3 Nd4 14.
Qg3 Nxb3 15. axb3 f4 16. Qg4 Qf6 17. Ra7 h5 18. Qh3 g5 19. Nf3 g4 20. Qh4
Bg7 21. Ng5 Kc7 22. d4 Bh6 23. Nf3 Qxh4 24. Nxh4 exd4 25. Ng6 Kb8 26. Rxb7+
Kxb7 27. Nxh8 {Black resigns} 1-0

[Event "GambitGuide"]
[Site "Internet Chess Club"]
[Date "2014.10.31"]
[Round "1"]
[White "JSBach"]
[Black "haimw"]
[Result "0-1"]
[ICCResult "White checkmated"]
[WhiteElo "1668"]
[BlackElo "1955"]
[Opening "Vienna: `Frankenstein-Dracula' variation"]
[ECO "C27"]
[NIC "VG.02"]
[Time "06:46:35"]
[TimeControl "120+12"]

1. e4 e5 2. Nc3 Nf6 3. Bc4 Nxe4 4. Qh5 Nd6 5. Bb3 Nc6 6. Nb5 g6 7. Qf3 f5 8.
Qd5 Qe7 9. Nxc7+ Kd8 10. Nxa8 b6 11. d3 Bg7 12. Nh3 h6 13. Ba4 Nd4 14. f4
Bb7 15. Bc6 Bxc6 16. Nxb6 Bxd5 17. Nxd5 Qe6 18. Ne3 e4 19. c3 exd3 20. cxd4
Bxd4 21. Kf2 Ne4+ 22. Ke1 d2+ 23. Bxd2 Nxd2 24. Kxd2 Qxe3+ 25. Kc2 Qe4+ 26.
Kb3 Qxg2 27. Kc4 Bb6 28. Rad1 Kc7 29. Rhe1 Rc8 30. Rd3 Kb7+ 31. Kb4 Qxb2+
32. Rb3 Qd2+ 33. Ka3 Qxe1 34. Rb4 a5 35. Rb3 Rc2 36. Rb2 Qc3+ 37. Rb3 Qc5+
38. Ka4 Rxa2+ 39. Ra3 Qb4# {White checkmated} 0-1

[Event "GambitGuide"]
[Site "Internet Chess Club"]
[Date "2014.10.31"]
[Round "1"]
[White "JSBach"]
[Black "snus"]
[Result "1-0"]
[ICCResult "Black resigns"]
[WhiteElo "1668"]
[BlackElo "1451"]
[Opening "Vienna: `Frankenstein-Dracula' variation"]
[ECO "C27"]
[NIC "VG.02"]
[Time "06:47:12"]
[TimeControl "120+12"]

1. e4 e5 2. Nc3 Nf6 3. Bc4 Nxe4 4. Qh5 Nd6 5. Bb3 Nc6 6. Nb5 g6 7. Qf3 f5 8.
Qd5 Qe7 9. Nxc7+ Kd8 10. Nxa8 b6 11. d3 Bb7 12. Nxb6 axb6 13. Qf3 Bg7 14.
Be3 Kc7 15. Bd5 e4 16. Qe2 Bxb2 17. Rb1 Bc3+ 18. Kf1 Ba5 19. Nh3 exd3 20.
cxd3 Re8 21. Rc1 h6 22. Qf3 g5 23. Qh5 f4 24. Nxf4 gxf4 25. Bxc6 Bxc6 26.
Bxb6+ Bxb6 27. Qf3 Kb7 28. Qh5 Nb5 29. a4 Nd4 30. a5 Qe2+ 31. Qxe2 Rxe2 32.
Rb1 Nb5 33. Kxe2 Bxa5 34. Rhc1 Kb6 35. f3 Ka6 36. Kf1 Nd4 37. Rc4 Nb5 38.
Rxf4 Nc3 39. Rc1 Bb5 40. Rf6+ Ka7 41. Ra1 Ba4 42. Rf4 Nd5 43. Rfxa4 Kb6 44.
Rxa5 Nc3 45. R5a3 Nb5 46. Ra6+ Kc5 47. Rxh6 d5 48. h4 d4 49. Rh5+ Kb4 50.
Rxb5+ Kxb5 51. h5 {Black resigns} 1-0

[Event "GambitGuide"]
[Site "Internet Chess Club"]
[Date "2014.10.31"]
[Round "1"]
[White "JSBach"]
[Black "ElNino"]
[Result "1-0"]
[ICCResult "Black resigns"]
[WhiteElo "1668"]
[BlackElo "1227"]
[Opening "Vienna: `Frankenstein-Dracula' variation"]
[ECO "C27"]
[NIC "VG.02"]
[Time "06:49:41"]
[TimeControl "120+12"]

1. e4 e5 2. Nc3 Nf6 3. Bc4 Nxe4 4. Qh5 Nd6 5. Bb3 Nc6 6. Nb5 g6 7. Qf3 f5 8.
Qd5 Qe7 9. Nxc7+ Kd8 10. Nxa8 b6 11. d3 e4 12. dxe4 Nxe4 13. Be3 d6 14. Qxc6
f4 15. Nxb6 axb6 16. Bxb6+ {Black resigns} 1-0

[Event "GambitGuide"]
[Site "Internet Chess Club"]
[Date "2014.10.31"]
[Round "1"]
[White "JSBach"]
[Black "promptcorner"]
[Result "1-0"]
[ICCResult "Black resigns"]
[WhiteElo "1668"]
[BlackElo "1669"]
[Opening "Vienna: `Frankenstein-Dracula' variation"]
[ECO "C27"]
[NIC "VG.02"]
[Time "06:47:51"]
[TimeControl "120+12"]

1. e4 e5 2. Nc3 Nf6 3. Bc4 Nxe4 4. Qh5 Nd6 5. Bb3 Nc6 6. Nb5 g6 7. Qf3 f5 8.
Qd5 Qe7 9. Nxc7+ Kd8 10. Nxa8 b6 11. d3 Bb7 12. Nxb6 axb6 13. Qf3 e4 14.
dxe4 Qxe4+ 15. Be3 Kc7 16. Rd1 Bg7 17. Qxe4 Nxe4 18. f3 Nc5 19. Bxc5 bxc5
20. c3 Re8+ 21. Kf2 Ba6 22. Bd5 Ne5 23. Kg3 Bc4 24. f4 Bxd5 25. Rxd5 Nc6 26.
Rxc5 Re1 27. a4 Kd6 28. Rc4 Rb1 29. b4 Rc1 30. h3 Bxc3 31. Kh2 Nxb4 32. Ne2
Rxh1+ 33. Kxh1 Be1 34. a5 Kd5 35. Rc7 Kd6 36. Rb7 Nc6 37. a6 Bf2 38. Kh2 h5
39. Nc3 h4 40. Nb5+ Kc5 41. a7 {Black resigns} 1-0

[Event "GambitGuide"]
[Site "Internet Chess Club"]
[Date "2014.10.31"]
[Round "1"]
[White "JSBach"]
[Black "Darienor"]
[Result "1-0"]
[ICCResult "Black checkmated"]
[WhiteElo "1668"]
[BlackElo "2708"]
[Opening "Vienna: `Frankenstein-Dracula' variation"]
[ECO "C27"]
[NIC "VG.02"]
[Time "06:50:38"]
[TimeControl "120+12"]

1. e4 e5 2. Nc3 Nf6 3. Bc4 Nxe4 4. Qh5 Nd6 5. Bb3 Nc6 6. Nb5 g6 7. Qf3 f5 8.
Qd5 Qe7 9. Nxc7+ Kd8 10. Nxa8 b6 11. d3 Bb7 12. Nxb6 axb6 13. Qf3 Bg7 14.
Be3 Kc7 15. Bd5 e4 16. Qe2 Bxb2 17. Rb1 Bc3+ 18. Kf1 Ba5 19. Nh3 Ba6 20. c4
exd3 21. Qxd3 Nb4 22. Bxb6+ Kxb6 23. Qd4+ Kc7 24. Qxh8 Nxd5 25. Qb8+ Kc6 26.
Qa8+ Kc5 27. Qxd5# {Black checkmated} 1-0

[Event "GambitGuide"]
[Site "Internet Chess Club"]
[Date "2014.10.31"]
[Round "1"]
[White "JSBach"]
[Black "leonardoalmeida"]
[Result "0-1"]
[ICCResult "White checkmated"]
[WhiteElo "1668"]
[BlackElo "1788"]
[Opening "Vienna: `Frankenstein-Dracula' variation"]
[ECO "C27"]
[NIC "VG.02"]
[Time "06:48:29"]
[TimeControl "120+12"]

1. e4 e5 2. Nc3 Nf6 3. Bc4 Nxe4 4. Qh5 Nd6 5. Bb3 Nc6 6. Nb5 g6 7. Qf3 f5 8.
Qd5 Qe7 9. Nxc7+ Kd8 10. Nxa8 b6 11. d3 Bb7 12. Nxb6 axb6 13. Qf3 Nd4 14.
Qg3 f4 15. Qg4 Qf6 16. Ba4 Bc6 17. Bb3 h5 18. Qh3 g5 19. f3 Be7 20. Bd2 Qg6
21. Bc3 g4 22. fxg4 Qxg4 23. Bxd4 exd4 24. Kf1 Nf5 25. Qxg4 hxg4 26. Kf2 Ne3
27. Ne2 Bxg2 28. Rhb1 Bf3 29. Nxf4 Bd6 30. Ng6 Rxh2+ 31. Kg1 Rg2+ 32. Kh1
Rxc2+ 33. Kg1 Rg2+ 34. Kh1 Rxb2+ 35. Kg1 Rg2+ 36. Kh1 Bh2 37. Nh4 Rd2+ 38.
Nxf3 gxf3 39. Re1 Bf4 40. Rf1 Nxf1 41. Rxf1 f2 42. Kg2 Be3 43. Rd1 Rxd1 44.
Bxd1 Ke7 45. Kf1 Kd6 46. Bf3 Kc5 47. a4 Kb4 48. Bd1 d6 49. Bc2 Kc3 50. Bb1
Kb2 51. a5 bxa5 52. Bc2 Kxc2 53. Ke2 a4 54. Kf1 Kxd3 55. Kg2 Ke2 56. Kh2 a3
57. Kg2 f1=Q+ 58. Kg3 Qf3+ 59. Kh4 Qg2 60. Kh5 Kf3 61. Kh4 Qg4#
{White checkmated}
0-1

[Event "GambitGuide"]
[Site "Internet Chess Club"]
[Date "2014.10.31"]
[Round "1"]
[White "JSBach"]
[Black "guruduff"]
[Result "1-0"]
[ICCResult "Black checkmated"]
[WhiteElo "1668"]
[BlackElo "1553"]
[Opening "Vienna: `Frankenstein-Dracula' variation"]
[ECO "C27"]
[NIC "VG.02"]
[Time "06:46:15"]
[TimeControl "120+12"]

1. e4 e5 2. Nc3 Nf6 3. Bc4 Nxe4 4. Qh5 Nd6 5. Bb3 Nc6 6. Nb5 g6 7. Qf3 f5 8.
Qd5 Qe7 9. Nxc7+ Kd8 10. Nxa8 b6 11. d3 e4 12. dxe4 Nxe4 13. Be3 Qb4+ 14. c3
Nxc3 15. Qd2 Ne4 16. Qxb4 Nxb4 17. Rd1 Bc5 18. Bd4 Re8 19. Ne2 Bb7 20. a3
Nc6 21. Bxc5 bxc5 22. Bf7 Re7 23. f3 Nf6 24. Bxg6 hxg6 25. Rd6 Re6 26. Rxe6
dxe6 27. Nf4 Bxa8 28. Nxe6+ Ke7 29. Nxc5 Kd6 30. Nb3 Nd5 31. Kf2 Ne5 32. Rd1
Kc6 33. Rd2 Nc4 34. Nd4+ Kc5 35. b4+ Kb6 36. Rd3 Ne5 37. Rd1 Nc6 38. Nxf5
Ndxb4 39. Nh4 g5 40. axb4 gxh4 41. Rd6 Kb5 42. Rh6 Nxb4 43. Rxh4 a5 44. Rd4
a4 45. h4 a3 46. Rd8 Bc6 47. g4 a2 48. Rd1 Nc2 49. h5 a1=Q 50. Rxa1 Nxa1 51.
h6 Nc2 52. h7 Nd4 53. h8=Q Nxf3 54. g5 Kc5 55. g6 Ng5 56. Qc3+ Kd6 57. Qf6+
Ne6 58. g7 Kd7 59. g8=Q Nc5 60. Qgd8# {Black checkmated} 1-0

[Event "GambitGuide"]
[Site "Internet Chess Club"]
[Date "2014.10.31"]
[Round "1"]
[White "JSBach"]
[Black "Darienor"]
[Result "0-1"]
[ICCResult "White checkmated"]
[WhiteElo "1668"]
[BlackElo "2708"]
[Opening "Vienna: `Frankenstein-Dracula' variation"]
[ECO "C27"]
[NIC "VG.02"]
[Time "06:52:36"]
[TimeControl "120+12"]

1. e4 e5 2. Nc3 Nf6 3. Bc4 Nxe4 4. Qh5 Nd6 5. Bb3 Nc6 6. Nb5 g6 7. Qf3 f5 8.
Qd5 Qe7 9. Nxc7+ Kd8 10. Nxa8 b6 11. d3 Bb7 12. Nxb6 axb6 13. Qf3 Bg7 14.
Be3 Kc7 15. Bd5 e4 16. Qf4 h6 17. dxe4 g5 18. Qg3 f4 19. Bxb6+ Kxb6 20. Qb3+
Kc7 21. f3 Nd4 22. Qc3+ Bc6 23. Rd1 Qe5 24. a4 g4 25. Qa5+ Kc8 26. Qa6+ Nb7
27. Bxc6 Nxc6 28. Rd5 Qxb2 29. fxg4 Bc3+ 30. Kf2 Qxc2+ 31. Ne2 Qxe4 32. Rd3
Bb4 33. Rc1 Re8 34. Rb3 Bc5+ 35. Kf1 Qxe2+ 36. Qxe2 Rxe2 37. Kxe2 Nd4+ 38.
Ke1 Nxb3 39. Rc4 Kd8 40. Rxf4 Be3 41. Rf8+ Ke7 42. Rf3 Bd2+ 43. Ke2 N7c5 44.
h4 Nd4+ 45. Kxd2 Nxf3+ 46. gxf3 Nxa4 47. f4 Kf6 48. h5 Nc5 49. Ke3 Ne6 50.
f5 Ng5 51. Kd4 Nf7 52. Ke4 Kg5 53. Kf3 Ne5+ 54. Ke3 Nxg4+ 55. Ke4 Nf6+ 56.
Ke5 Nxh5 57. Kd5 Kxf5 58. Kc4 Nf4 59. Kc3 d5 60. Kc2 Ke4 61. Kd1 d4 62. Kc2
d3+ 63. Kd1 Ke3 64. Ke1 Nd5 65. Kd1 Nc3+ 66. Kc1 d2+ 67. Kc2 d1=Q+ 68. Kxc3
h5 69. Kc4 h4 70. Kb5 h3 71. Kc4 h2 72. Kc5 h1=Q 73. Kb6 Qc2 74. Kb5 Qhb1+
75. Ka5 Qca2# {White checkmated} 0-1

[Event "GambitGuide"]
[Site "Internet Chess Club"]
[Date "2014.10.31"]
[Round "1"]
[White "JSBach"]
[Black "promptcorner"]
[Result "1-0"]
[ICCResult "Black resigns"]
[WhiteElo "1668"]
[BlackElo "1669"]
[Opening "Vienna: `Frankenstein-Dracula' variation"]
[ECO "C27"]
[NIC "VG.02"]
[Time "06:52:10"]
[TimeControl "120+12"]

1. e4 e5 2. Nc3 Nf6 3. Bc4 Nxe4 4. Qh5 Nd6 5. Bb3 Nc6 6. Nb5 g6 7. Qf3 f5 8.
Qd5 Qe7 9. Nxc7+ Kd8 10. Nxa8 b6 11. d3 Bg7 12. Nh3 Bf6 13. Ba4 Bb7 14. Nxb6
axb6 15. Qb3 Kc7 16. O-O Nd4 17. Qb4 Ne2+ 18. Kh1 g5 19. Be3 Nc8 20. Qxe7
Bxe7 21. Nxg5 f4 22. Nf7 Rf8 23. Nxe5 fxe3 24. fxe3 Rg8 25. Rf2 Bd6 26. Nc4
Ng3+ 27. hxg3 Rxg3 28. Nxd6 Nxd6 29. e4 h5 30. Raf1 h4 31. Kg1 h3 32. Bb3
Ba6 33. Bd5 Nb5 34. Kh2 hxg2 35. Kxg3 gxf1=Q 36. Rxf1 Nd4 37. Rf2
{Black resigns}
1-0

[Event "GambitGuide"]
[Site "Internet Chess Club"]
[Date "2014.10.31"]
[Round "1"]
[White "JSBach"]
[Black "promptcorner"]
[Result "1-0"]
[ICCResult "Black resigns"]
[WhiteElo "1668"]
[BlackElo "1669"]
[Opening "Vienna: `Frankenstein-Dracula' variation"]
[ECO "C27"]
[NIC "VG.02"]
[Time "06:56:08"]
[TimeControl "120+12"]

1. e4 e5 2. Nc3 Nf6 3. Bc4 Nxe4 4. Qh5 Nd6 5. Bb3 Nc6 6. Nb5 g6 7. Qf3 f5 8.
Qd5 Qe7 9. Nxc7+ Kd8 10. Nxa8 b6 11. d3 Ba6 12. Nf3 e4 13. Bg5 {Black
resigns} 1-0

[Event "GambitGuide"]
[Site "Internet Chess Club"]
[Date "2014.10.31"]
[Round "1"]
[White "JSBach"]
[Black "promptcorner"]
[Result "1-0"]
[ICCResult "Black checkmated"]
[WhiteElo "1668"]
[BlackElo "1669"]
[Opening "Vienna: `Frankenstein-Dracula' variation"]
[ECO "C27"]
[NIC "VG.02"]
[Time "06:56:42"]
[TimeControl "120+12"]

1. e4 e5 2. Nc3 Nf6 3. Bc4 Nxe4 4. Qh5 Nd6 5. Bb3 Nc6 6. Nb5 g6 7. Qf3 f5 8.
Qd5 Qe7 9. Nxc7+ Kd8 10. Nxa8 b6 11. d3 Ba6 12. Nf3 Bg7 13. Bg5 Bf6 14. Bxf6
Qxf6 15. Ba4 Re8 16. Bxc6 dxc6 17. Qxc6 Bb7 18. Qc7# {Black checkmated} 1-0

[Event "GambitGuide"]
[Site "Internet Chess Club"]
[Date "2014.10.31"]
[Round "1"]
[White "JSBach"]
[Black "Darienor"]
[Result "1-0"]
[ICCResult "Black resigns"]
[WhiteElo "1668"]
[BlackElo "2708"]
[Opening "Vienna: `Frankenstein-Dracula' variation"]
[ECO "C27"]
[NIC "VG.02"]
[Time "06:56:19"]
[TimeControl "120+12"]

1. e4 e5 2. Nc3 Nf6 3. Bc4 Nxe4 4. Qh5 Nd6 5. Bb3 Nc6 6. Nb5 g6 7. Qf3 f5 8.
Qd5 Qe7 9. Nxc7+ Kd8 10. Nxa8 b6 11. d3 Bb7 12. Nxb6 axb6 13. Qf3 Bg7 14.
Be3 Kc7 15. Bd5 e4 16. Qe2 Bxb2 17. Rb1 Nd4 18. Qd2 f4 19. Rxb2 fxe3 20.
Qc3+ Kb8 21. fxe3 N6f5 22. Rxb6 {Black resigns} 1-0

[Event "GambitGuide"]
[Site "Internet Chess Club"]
[Date "2014.10.31"]
[Round "1"]
[White "JSBach"]
[Black "promptcorner"]
[Result "1-0"]
[ICCResult "Black resigns"]
[WhiteElo "1668"]
[BlackElo "1669"]
[Opening "Vienna: `Frankenstein-Dracula' variation"]
[ECO "C27"]
[NIC "VG.02"]
[Time "06:57:19"]
[TimeControl "120+12"]

1. e4 e5 2. Nc3 Nf6 3. Bc4 Nxe4 4. Qh5 Nd6 5. Bb3 Nc6 6. Nb5 g6 7. Qf3 f5 8.
Qd5 Qe7 9. Nxc7+ Kd8 10. Nxa8 b6 11. d3 Nd4 12. h4 Nxb3 13. Qxb3 Bb7 14. Bg5
{Black resigns}
1-0

[Event "GambitGuide"]
[Site "Internet Chess Club"]
[Date "2014.10.31"]
[Round "1"]
[White "JSBach"]
[Black "Skeptic1972"]
[Result "1-0"]
[ICCResult "Black disconnected and forfeits"]
[WhiteElo "1668"]
[BlackElo "1228"]
[Opening "Vienna: `Frankenstein-Dracula' variation"]
[ECO "C27"]
[NIC "VG.02"]
[Time "06:58:56"]
[TimeControl "120+12"]

1. e4 e5 2. Nc3 Nf6 3. Bc4 Nxe4 4. Qh5 Nd6 5. Bb3 Nc6 6. Nb5 g6 7. Qf3 f5 8.
Qd5 Qe7 9. Nxc7+ Kd8 10. Nxa8 b6 11. d3 Bb7 12. Nxb6 axb6 13. Qf3
{Black disconnected and forfeits}
1-0

[Event "GambitGuide"]
[Site "Internet Chess Club"]
[Date "2014.10.31"]
[Round "1"]
[White "JSBach"]
[Black "promptcorner"]
[Result "1-0"]
[ICCResult "Black resigns"]
[WhiteElo "1668"]
[BlackElo "1669"]
[Opening "Vienna: `Frankenstein-Dracula' variation"]
[ECO "C27"]
[NIC "VG.02"]
[Time "06:58:20"]
[TimeControl "120+12"]

1. e4 e5 2. Nc3 Nf6 3. Bc4 Nxe4 4. Qh5 Nd6 5. Bb3 Nc6 6. Nb5 g6 7. Qf3 f5 8.
Qd5 Qe7 9. Nxc7+ Kd8 10. Nxa8 b6 11. d3 Nd4 12. f4 exf4+ 13. Kd1 Bg7 14.
Bxf4 Bb7 15. Bxd6 Bxd5 16. Bxe7+ Kxe7 17. Bxd5 {Black resigns} 1-0

[Event "GambitGuide"]
[Site "Internet Chess Club"]
[Date "2014.10.31"]
[Round "1"]
[White "JSBach"]
[Black "Wannabet"]
[Result "1-0"]
[ICCResult "Black resigns"]
[WhiteElo "1668"]
[BlackElo "1436"]
[Opening "Vienna: `Frankenstein-Dracula' variation"]
[ECO "C27"]
[NIC "VG.02"]
[Time "06:55:49"]
[TimeControl "120+12"]

1. e4 e5 2. Nc3 Nf6 3. Bc4 Nxe4 4. Qh5 Nd6 5. Bb3 Nc6 6. Nb5 g6 7. Qf3 f5 8.
Qd5 Qe7 9. Nxc7+ Kd8 10. Nxa8 b6 11. d3 Bb7 12. Nxb6 axb6 13. Qf3 Kc7 14.
Be3 Nd4 15. Qh3 Nxb3 16. axb3 Bg7 17. b4 e4 18. d4 Nc4 19. Bf4+ Kd8 20. Qc3
Qe6 21. Ra7 Bc6 22. b3 Nd6 23. Nh3 h6 24. Be5 Bxe5 25. dxe5 Nb5 26. Qa1 Nxa7
27. Qxa7 Ke7 28. Nf4 Qg8 29. Qxb6 g5 30. Nh5 Qe6 31. b5 Ba8 32. Qc7 Qg6 33.
Nf6 Rd8 34. Qd6+ Kf7 35. e6+ {Black resigns} 1-0

[Event "GambitGuide"]
[Site "Internet Chess Club"]
[Date "2014.10.31"]
[Round "1"]
[White "JSBach"]
[Black "zhuzhenghai008"]
[Result "1-0"]
[ICCResult "Black checkmated"]
[WhiteElo "1668"]
[BlackElo "1141"]
[Opening "Vienna: `Frankenstein-Dracula' variation"]
[ECO "C27"]
[NIC "VG.02"]
[Time "06:59:44"]
[TimeControl "120+12"]

1. e4 e5 2. Nc3 Nf6 3. Bc4 Nxe4 4. Qh5 Nd6 5. Bb3 Nc6 6. Nb5 g6 7. Qf3 f5 8.
Qd5 Qe7 9. Nxc7+ Kd8 10. Nxa8 b6 11. d3 Bb7 12. Nxb6 axb6 13. Qf3 e4 14. Qe3
exd3 15. cxd3 Nd4 16. Qxe7+ Bxe7 17. Be3 Nxb3 18. Bxb6+ Ke8 19. axb3 Bxg2
20. Bd4 Rg8 21. b4 Bxh1 22. Ra5 Kf7 23. Ne2 Bf6 24. Ra7 Bc6 25. Bxf6 Kxf6
26. Nd4 Rb8 27. Rc7 Rxb4 28. Nxc6 dxc6 29. Rxc6 Ke6 30. Rc2 Kd5 31. f3 Kd4
32. f4 Kxd3 33. Rd2+ Ke3 34. Rxd6 Rxf4 35. Re6+ Kf3 36. Kd2 Rh4 37. Re3+ Kf4
38. h3 g5 39. b4 h5 40. b5 g4 41. b6 gxh3 42. b7 h2 43. b8=Q+ Kg4 44. Qg3#
{Black checkmated}
1-0

[Event "GambitGuide"]
[Site "Internet Chess Club"]
[Date "2014.10.31"]
[Round "1"]
[White "JSBach"]
[Black "Darienor"]
[Result "0-1"]
[ICCResult "White checkmated"]
[WhiteElo "1668"]
[BlackElo "2708"]
[Opening "Vienna: `Frankenstein-Dracula' variation"]
[ECO "C27"]
[NIC "VG.02"]
[Time "06:59:09"]
[TimeControl "120+12"]

1. e4 e5 2. Nc3 Nf6 3. Bc4 Nxe4 4. Qh5 Nd6 5. Bb3 Nc6 6. Nb5 g6 7. Qf3 f5 8.
Qd5 Qe7 9. Nxc7+ Kd8 10. Nxa8 b6 11. d3 Bb7 12. Nxb6 axb6 13. Qf3 Bg7 14.
Be3 Nd4 15. Qh3 g5 16. c3 g4 17. Qg3 f4 18. Qxg4 fxe3 19. cxd4 exd4 20. f4
h5 21. Qg3 Nf5 22. Qg6 Qb4+ 23. Kf1 Qd2 24. Qxb6+ Ke7 25. Qc5+ Nd6 26. Qg5+
Bf6 27. Qg3 Nf5 28. Qf3 Bxf3 29. Ne2 Qxe2+ 30. Kg1 Qf2# {White checkmated}
0-1

[Event "GambitGuide"]
[Site "Internet Chess Club"]
[Date "2014.10.31"]
[Round "1"]
[White "JSBach"]
[Black "ARuperez"]
[Result "1-0"]
[ICCResult "Black resigns"]
[WhiteElo "1668"]
[BlackElo "2246"]
[Opening "Vienna: `Frankenstein-Dracula' variation"]
[ECO "C27"]
[NIC "VG.02"]
[Time "07:01:11"]
[TimeControl "120+12"]

1. e4 e5 2. Nc3 Nf6 3. Bc4 Nxe4 4. Qh5 Nd6 5. Bb3 Nc6 6. Nb5 g6 7. Qf3 f5 8.
Qd5 Qe7 9. Nxc7+ Kd8 10. Nxa8 b6 11. d3 Nd4 12. h4 Bb7 13. Bg5 Qxg5 14. Qxb7
Nxb7 15. hxg5 {Black resigns} 1-0

[Event "GambitGuide"]
[Site "Internet Chess Club"]
[Date "2014.10.31"]
[Round "1"]
[White "JSBach"]
[Black "ARuperez"]
[Result "1-0"]
[ICCResult "Black resigns"]
[WhiteElo "1668"]
[BlackElo "2246"]
[Opening "Vienna: `Frankenstein-Dracula' variation"]
[ECO "C27"]
[NIC "VG.02"]
[Time "07:02:02"]
[TimeControl "120+12"]

1. e4 e5 2. Nc3 Nf6 3. Bc4 Nxe4 4. Qh5 Nd6 5. Bb3 Nc6 6. Nb5 g6 7. Qf3 f5 8.
Qd5 Qe7 9. Nxc7+ Kd8 10. Nxa8 b6 11. d3 Nd4 12. h4 h6 13. f4 Bb7 14. Qxe5
Qxe5+ 15. fxe5 Bxa8 16. exd6 Bxd6 17. Kf2 Re8 18. Bxh6 Rh8 19. Bg5+ Kc7 20.
Ba4 b5 21. Bf6 {Black resigns} 1-0

[Event "GambitGuide"]
[Site "Internet Chess Club"]
[Date "2014.10.31"]
[Round "1"]
[White "JSBach"]
[Black "promptcorner"]
[Result "0-1"]
[ICCResult "White checkmated"]
[WhiteElo "1668"]
[BlackElo "1669"]
[Opening "Vienna: `Frankenstein-Dracula' variation"]
[ECO "C27"]
[NIC "VG.02"]
[Time "07:00:25"]
[TimeControl "120+12"]

1. e4 e5 2. Nc3 Nf6 3. Bc4 Nxe4 4. Qh5 Nd6 5. Bb3 Nc6 6. Nb5 g6 7. Qf3 f5 8.
Qd5 Qe7 9. Nxc7+ Kd8 10. Nxa8 b6 11. d3 Bb7 12. Nxb6 axb6 13. Qf3 Na5 14.
Qg3 Bg7 15. Be3 Kc7 16. Bg5 Bf6 17. Nf3 f4 18. Bxf6 Qxf6 19. Qg4 h5 20. Qh3
g5 21. Ba4 g4 22. Qh4 Qg7 23. Nd2 Nf5 24. Nf3 Nxh4 25. Nxh4 Qf6 26. b4 Nc6
27. b5 Nd4 28. c3 Ne6 29. Bb3 Qxh4 30. Bxe6 dxe6 31. O-O f3 32. gxf3 Bxf3
33. Rae1 Qh3 34. Rxe5 Qg2# {White checkmated} 0-1

[Event "GambitGuide"]
[Site "Internet Chess Club"]
[Date "2014.10.31"]
[Round "1"]
[White "JSBach"]
[Black "ARuperez"]
[Result "1-0"]
[ICCResult "Black checkmated"]
[WhiteElo "1668"]
[BlackElo "2246"]
[Opening "Vienna: `Frankenstein-Dracula' variation"]
[ECO "C27"]
[NIC "VG.02"]
[Time "07:02:31"]
[TimeControl "120+12"]

1. e4 e5 2. Nc3 Nf6 3. Bc4 Nxe4 4. Qh5 Nd6 5. Bb3 Nc6 6. Nb5 g6 7. Qf3 f5 8.
Qd5 Qe7 9. Nxc7+ Kd8 10. Nxa8 b6 11. d3 Bb7 12. Nxb6 axb6 13. Qf3 Nd4 14.
Qg3 f4 15. Qg4 h5 16. Qxg6 Rh7 17. Bd2 Rg7 18. Qxh5 Bxg2 19. Ba5 bxa5 20.
O-O-O Bxh1 21. h3 Bc6 22. Bc4 Nxc4 23. dxc4 Ne6 24. Qxe5 Rg5 25. Qb8#
{Black checkmated}
1-0

[Event "GambitGuide"]
[Site "Internet Chess Club"]
[Date "2014.10.31"]
[Round "1"]
[White "JSBach"]
[Black "ARuperez"]
[Result "0-1"]
[ICCResult "White checkmated"]
[WhiteElo "1668"]
[BlackElo "2246"]
[Opening "Vienna: `Frankenstein-Dracula' variation"]
[ECO "C27"]
[NIC "VG.02"]
[Time "07:03:23"]
[TimeControl "120+12"]

1. e4 e5 2. Nc3 Nf6 3. Bc4 Nxe4 4. Qh5 Nd6 5. Bb3 Nc6 6. Nb5 g6 7. Qf3 f5 8.
Qd5 Qe7 9. Nxc7+ Kd8 10. Nxa8 b6 11. d3 Bb7 12. Nxb6 axb6 13. Qf3 Nd4 14.
Qg3 f4 15. Qg4 h5 16. Qxg6 Rh7 17. Ba4 Rg7 18. Qxh5 Bxg2 19. Bd2 Bxh1 20.
O-O-O b5 21. Ne2 Bf3 22. Ba5+ Kc8 23. Qh3 Bxe2 24. Bxb5 N6xb5 25. Re1 Qc5
26. c3 Bg4 27. Qh8 Ne6 28. Bb4 Qxf2 29. c4 Nbd4 30. Kb1 Qc2+ 31. Ka1 Qxd3
32. Bxf8 Nc2+ 33. Kb1 Na3+ 34. Ka1 Qb1+ 35. Rxb1 Nc2# {White checkmated} 0-1

[Event "GambitGuide"]
[Site "Internet Chess Club"]
[Date "2014.10.31"]
[Round "1"]
[White "JSBach"]
[Black "Darienor"]
[Result "0-1"]
[ICCResult "White checkmated"]
[WhiteElo "1668"]
[BlackElo "2708"]
[Opening "Vienna: `Frankenstein-Dracula' variation"]
[ECO "C27"]
[NIC "VG.02"]
[Time "07:05:33"]
[TimeControl "120+12"]

1. e4 e5 2. Nc3 Nf6 3. Bc4 Nxe4 4. Qh5 Nd6 5. Bb3 Nc6 6. Nb5 g6 7. Qf3 f5 8.
Qd5 Qe7 9. Nxc7+ Kd8 10. Nxa8 b6 11. d3 Bb7 12. Nxb6 axb6 13. Qf3 Bg7 14.
Be3 Nd4 15. Qh3 g5 16. Rc1 g4 17. Qh5 Bxg2 18. Bg5 Bf6 19. Bxf6 Qxf6 20. h3
Bxh1 21. hxg4 Bc6 22. g5 Qg6 23. Qh4 h6 24. f4 e4 25. Kd1 Rh7 26. gxh6+ Kc7
27. Qg5 Rxh6 28. dxe4 Nxe4 29. Qxg6 Rxg6 30. Ne2 Nf3 31. Rb1 Nf2+ 32. Kc1
Rh6 33. Ng3 Rh3 34. Nf1 Rh1 35. Bc4 Nh2 36. Kd2 Nxf1+ 37. Bxf1 Bg2 38. Ke2
Rxf1 39. Rxf1 Bxf1+ 40. Kxf2 Ba6 41. b3 Kd6 42. c4 Kc5 43. Ke3 Bb7 44. a3
Be4 45. Kd2 Kd4 46. a4 Bc6 47. Ke2 Ke4 48. Kd1 Kxf4 49. Kd2 Ke4 50. Ke2 f4
51. Kf1 f3 52. Kf2 Kf4 53. Ke1 Ke3 54. Kf1 f2 55. c5 bxc5 56. a5 Bb5+ 57.
Kg2 f1=Q+ 58. Kh2 Kf4 59. a6 Bc6 60. b4 Qg2# {White checkmated} 0-1

[Event "GambitGuide"]
[Site "Internet Chess Club"]
[Date "2014.10.31"]
[Round "1"]
[White "JSBach"]
[Black "Horizonteffekt"]
[Result "1-0"]
[ICCResult "Black checkmated"]
[WhiteElo "1668"]
[BlackElo "1400"]
[Opening "Vienna: `Frankenstein-Dracula' variation"]
[ECO "C27"]
[NIC "VG.02"]
[Time "07:06:08"]
[TimeControl "120+12"]

1. e4 e5 2. Nc3 Nf6 3. Bc4 Nxe4 4. Qh5 Nd6 5. Bb3 Nc6 6. Nb5 g6 7. Qf3 f5 8.
Qd5 Qe7 9. Nxc7+ Kd8 10. Nxa8 b6 11. d3 Bb7 12. Nxb6 axb6 13. Qf3 Bg7 14.
Be3 Nd4 15. Qh3 f4 16. Bxd4 exd4+ 17. Kf1 Nf5 18. Ne2 f3 19. gxf3 Qg5 20.
Re1 Re8 21. Bf7 Re7 22. Rg1 Qd2 23. Bb3 Bh6 24. f4 Bxf4 25. Rg4 Bxh2 26.
Qxh2 Bf3 27. Qb8# {Black checkmated} 1-0